 Dungeon Crawl Stone Soup version 0.29-a0-72-g1732ff48e7 (webtiles) character file.

Game seed: 10645994742578396077

39 gruber the Chiller (level 3, -9/24 HPs)
             Began as a Demonspawn Ice Elementalist on Feb 3, 2022.
             Mangled by Sigmund (12 damage)
             ... on level 2 of the Dungeon.
             The game lasted 00:01:25 (1615 turns).

gruber the Chiller (Demonspawn Ice Elementalist)    Turns: 1615, Time: 00:01:25

Health: -9/24      AC:  3    Str:  8    XL:     3   Next: 26%
Magic:  6/6        EV: 12    Int: 18    God:
Gold:   64         SH:  0    Dex: 13    Spells: 5/6 levels left

rFire   . . .      SeeInvis .   d - +0 trident
rCold   . . .      Faith    .   (no shield)
rNeg    . . .      Spirit   .   a - +0 robe
rPois   .          Reflect  .   (helmet restricted)
rElec   .          Harm     .   (no cloak)
rCorr   .          Rampage  .   (no gloves)
Will    .....                   (no boots)
Stlth   +.........              (no amulet)
HPRegen 0.08/turn               (no ring)
MPRegen 0.10/turn               (no ring)

@: confused
A: horns 1, rugged brown scales 1
a: no special abilities


You were on level 2 of the Dungeon.
You visited 1 branch of the dungeon, and saw 2 of its levels.

You collected 64 gold pieces.

Inventory:

Hand Weapons
 d - a +0 trident (weapon)
Armour
 a - a +0 robe (worn)
Scrolls
 e - a scroll of identify {unknown}
 f - a scroll of teleportation {unknown}
 k - a scroll of fear {unknown}
 l - a scroll of vulnerability {unknown}
Potions
 b - a potion of mutation {unknown}
 g - a potion of cancellation {unknown}
 h - a potion of might {unknown}
 i - 2 potions of flight {unknown}
 j - a potion of ambrosia {unknown}


   Skills:
 - Level 1.7 Dodging
 - Level 1.7 Stealth
 - Level 2.0 Spellcasting
 + Level 4.7 Ice Magic


You had 5 spell levels left.
You knew the following spells:

 Your Spells              Type           Power      Damage    Failure   Level
a - Freeze                Ice            72%        1d9       2%          1

Your spell library contained the following spells:

 Spells                   Type           Power      Damage    Failure   Level
 Frozen Ramparts          Ice            36%        1d5       8%          3
 Ozocubu's Armour         Ice            18%        N/A       8%          3
 Hailstorm                Conj/Ice       10%        3d5       56%         4


Dungeon Overview and Level Annotations

Branches:
Dungeon (2/15)

Altars:

Annotations:
D:2 Sigmund


Innate Abilities, Weirdness & Mutations

You have a pair of small horns on your head.
You are partially covered in rugged brown scales. (AC +1, +3% HP)


Message History

Sigmund is nearby!
Sigmund is nearby!
Sigmund shouts!
Throw: 4 darts (poison)
Press: ? - help, Shift-Dir - straight line, f - Sigmund
Aim: Sigmund, wielding a +0 scythe and wearing a +0 robe (52% to hit)
You throw a poisoned dart.
The poisoned dart closely misses Sigmund.
Unknown command.
Unknown command.
Throw: 3 darts (poison)
Press: ? - help, Shift-Dir - straight line, f/p - Sigmund
Aim: Sigmund, wielding a +0 scythe and wearing a +0 robe (52% to hit)
You throw a poisoned dart. The poisoned dart hits Sigmund.
Sigmund is poisoned.
Unknown command.
Unknown command.
Throw: 2 darts (poison)
Press: ? - help, Shift-Dir - straight line, f/p - Sigmund
Aim: Sigmund, wielding a +0 scythe and wearing a +0 robe (poisoned, 52% to hit)
You throw a poisoned dart.
The poisoned dart barely misses Sigmund.
Sigmund hits you from afar with a +0 scythe!
Ouch! That really hurt!
Unknown command.
Throw: dart (poison)
Press: ? - help, Shift-Dir - straight line, f/p - Sigmund
Aim: Sigmund, wielding a +0 scythe and wearing a +0 robe (lightly wounded, poisoned, 52% to hit)
You throw a poisoned dart.
The poisoned dart closely misses Sigmund.
Sigmund points at you and mumbles some strange words.
You are confused.
Unknown command.
You bump into the rock wall.
Sigmund hits you from afar with a +0 scythe!
* * * LOW HITPOINT WARNING * * *
You bump into the rock wall.
Sigmund barely misses you.
You bump into the rock wall.
Sigmund hits you from afar with a +0 scythe!
Ouch! That really hurt!
You die...

######### #...†....
###########.######.
#.........(.# ##.
#.###############.<
#.######## .......#
#......... ...###..
######.@######
.#.####) #........#
#......
.######.#@...$#
#.##.## #.#.(...#
... #.......# #.##
###.....# # .
....(# # ##.### .#


You could see Sigmund (poisoned).

Vanquished Creatures
  An adder (D:2)
  A worm (D:2)
  2 bats
  2 endoplasms (D:1)
  2 giant cockroaches
  2 goblins (D:1)
  A hobgoblin (D:1)
  2 quokkas (D:1)
  8 ball pythons
  A frilled lizard (D:1)
  A kobold (D:1)
  3 rats (D:1)
26 creatures vanquished.

Notes
Turn   | Place    | Note
-------+----------+-------------------------------------------
     0 | D:1      | gruber the Demonspawn Ice Elementalist began the quest for
                  | the Orb.
     0 | D:1      | Reached XP level 1. HP: 13/13 MP: 3/3
   362 | D:1      | Found a faded altar of an unknown god.
   477 | D:1      | Reached skill level 4 in Ice Magic
   538 | D:1      | Gained mutation: You have a pair of small horns on your
                  | head. [demonic ancestry]
   538 | D:1      | Reached XP level 2. HP: 19/19 MP: 3/5
  1251 | D:2      | Gained mutation: You are partially covered in rugged brown
                  | scales. (AC +1, +3% HP) [demonic ancestry]
  1251 | D:2      | Reached XP level 3. HP: 19/24 MP: 3/6
  1604 | D:2      | Noticed Sigmund
  1615 | D:2      | Mangled by Sigmund

Illustrated notes

Levels and vault maps discovered:
D:1:      minmay_arrival_stair_chambers, layout_basic,
          chequers_ecumenical_altar_simple
D:2:      layout_loops_ring, lemuel_flame_loot_1, uniq_sigmund

Skill      XL: |  1 |
---------------+----+-----
Ice Magic      | 4 |  4.7
Dodging        | |  1.7
Stealth        | |  1.7
Spellcasting   | |  2.0

Action                   || total
-------------------------++-------
Melee: Trident           ||    36
       Unarmed           ||     1
       Headbutt          ||     6
       Punch             ||     1
Throw: Dart              ||     4
 Cast: Freeze            ||    25
 Stab: Sleeping          ||     4
       Distracted        ||     2
Armor: Robe              ||     9
Dodge: Dodged            ||    31

Table legend: (Time is in decaauts)
 A = Elapsed time spent in this place.
 B = Non-inter-level travel time spent in this place.
 C = Inter-level travel time spent in this place.
 D = Time resting spent in this place.
 E = Time spent auto-exploring this place.
 F = Levels seen in this place.
 G = Mean time per level.
                   A        B        C        D        E       F      G
               +--------+--------+--------+--------+--------+-----+--------+
         Total |   1626 |   1559 |     67 |     52 |   1321 |   2 |  813.0 |
       Dungeon |   1626 |   1559 |     67 |     52 |   1321 |   2 |  813.0 |
               +--------+--------+--------+--------+--------+-----+--------+

Top non-repeatable levels by time:
     D:1: 1309 daAuts
     D:2: 316 daAuts
